 Dungeon Crawl Stone Soup version 0.30-a0-341-g682706514a (webtiles) character file.

Game seed: 1443764212796134391

29547 DeathSun the Brawler (level 13, 0/106 HPs)
             Began as a Demonspawn Cinder Acolyte on Nov 3, 2022.
             Was an Initiate of Jiyva.
             Slain by a fire elemental (12 damage)
             ... created by the fiery vengeance of Ignis
             ... on level 10 of the Dungeon.
             The game lasted 00:40:46 (20534 turns).

DeathSun the Brawler (Demonspawn Cinder Acolyte)   Turns: 20534, Time: 00:40:47

Health: 0/106      AC: 10    Str: 19    XL:     13   Next: 15%
Magic:  14/14      EV:  9    Int: 16    God:    Jiyva [......]
Gold:   903        SH:  0    Dex: 15    Spells: 12/14 levels left

rFire   . . .      SeeInvis .      - Unarmed
rCold   . . .      Faith    +    (no shield)
rNeg    + . .      Spirit   .    G - +1 scale mail "Zocwussa" {rN+}
rPois   .          Reflect  .    m - +0 helmet
rElec   .          Harm     .    k - +0 cloak
rCorr   .          Rampage  .    (no gloves)
Will    .....                    (no boots)
Stlth   ..........               U - amulet of faith
HPRegen 0.37/turn                y - ring of protection from fire
MPRegen 0.14/turn                j - +6 ring of dexterity

@: confused, fire susceptible
A: claws 2, rugged brown scales 1, spiny 1, demonic magic 2
a: Renounce Religion


You were on level 10 of the Dungeon.
You worshipped Jiyva.
Jiyva was noncommittal.
You visited 3 branches of the dungeon, and saw 16 of its levels.
You also visited: Sewer and Ossuary.

You collected 903 gold pieces.

Inventory:

Missiles
 a - 4 throwing nets
 x - 22 poisoned darts (quivered)
Armour
 e - a +2 chain mail of cold resistance
 k - a +0 cloak (worn)
 m - a +0 helmet (worn)
 G - the +1 scale mail "Zocwussa" (worn) {rN+}
   (You found it on level 8 of the Dungeon)

   rN:        It protects you from negative energy.
Jewellery
 j - a +6 ring of dexterity (right claw)
 y - a ring of protection from fire (left claw)
 z - an amulet of guardian spirit
 J - a +6 ring of intelligence
 N - a +4 ring of protection
 P - an amulet of the acrobat
 U - an amulet of faith (around neck)
Wands
 p - a wand of roots (18)
 A - a wand of quicksilver (10)
 H - a wand of mindburst (28)
 I - a wand of polymorph (7)
 Q - a wand of charming (4)
Scrolls
 b - 4 scrolls of teleportation
 f - 6 scrolls of butterflies
 i - 2 scrolls of vulnerability
 q - 3 scrolls of magic mapping
 r - a scroll of fear {unknown}
 t - a scroll of blinking {unknown}
 u - a scroll of summoning {unknown}
 v - 2 scrolls of acquirement {unknown}
 C - 2 scrolls of enchant armour {unknown}
 F - 2 scrolls of silence {unknown}
 K - a scroll of brand weapon {unknown}
 L - a scroll of enchant weapon {unknown}
 O - a scroll of poison {unknown}
 R - a scroll of amnesia {unknown}
 S - a scroll of torment {unknown}
Potions
 c - 5 potions of mutation
 d - 5 potions of curing
 g - 4 potions of haste
 h - a potion of invisibility
 l - a potion of might
 n - a potion of berserk rage {unknown}
 o - a potion of brilliance {unknown}
 s - 2 potions of attraction {unknown}
 w - 5 potions of degeneration
 B - a potion of cancellation {unknown}
 D - 2 potions of lignification
 E - a potion of magic {unknown}
 M - a potion of flight {unknown}
Miscellaneous
 T - a condenser vane


   Skills:
 - Level 10.0 Fighting
 - Level 6.0 Throwing
 * Level 16.3 Unarmed Combat
 - Level 1.0 Spellcasting
 - Level 8.0 Fire Magic


You had 12 spell levels left.
You knew the following spells:

 Your Spells              Type           Power      Damage    Failure   Level
a - Scorch                Fire           52%        2d8       4%          2

Your spell library contained the following spells:

 Spells                   Type           Power      Damage    Failure   Level
 Freeze                   Ice            0%         1d3       58%         1
 Necrotise                Necr           0%         1d4       58%         1
 Shock                    Conj/Air       0%         1d3       58%         1
 Ensorcelled Hibernation  Hex/Ice        0%         N/A       73%         2
 Dazzling Flash           Conj/Hex       0%         N/A       91%         3
 Frozen Ramparts          Ice            0%         1d1       91%         3
 Gell's Gravitas          Tloc           0%         N/A       91%         3
 Hailstorm                Conj/Ice       0%         3d3       91%         3
 Swiftness                Air            0%         N/A       91%         3
 Teleport Other           Tloc           0%         N/A       91%         3
 Vampiric Draining        Necr           0%         2d6       91%         3
 Airstrike                Air            0%         2d(0-16)  100%        4
 Animate Dead             Necr           0%         N/A       100%        4
 Manifold Assault         Tloc           0%         N/A       100%        4
 Olgreb's Toxic Radiance  Pois           0%         N/A       100%        4
 Petrify                  Tmut/Erth      0%         N/A       100%        4
 Agony                    Necr           0%         N/A       100%        5
 Metabolic Englaciation   Hex/Ice        0%         N/A       100%        5
 Silence                  Hex/Air        0%         N/A       100%        5
 Dispersal                Tloc           0%         N/A       100%        6
 Statue Form              Tmut/Erth      0%         N/A       100%        6
 Ozocubu's Refrigeration  Ice            0%         4d7       100%        7
 Disjunction              Tloc           0%         N/A       100%        8
 Ignition                 Fire           13%        3d6       100%        8
 Necromutation            Tmut/Necr      0%         N/A       100%        8


Dungeon Overview and Level Annotations

Branches:
Dungeon (11/15)            Temple (1/1) D:4            Lair (4/5) D:9
  Swamp (0/4) Lair:2        Snake (0/4) Lair:2        Slime (0/5) Lair:4
  Sewer (visited)         Ossuary (visited)
    Orc: D:9-12

Altars:
Ashenzari
Cheibriados
Dithmenos
Fedhas
Gozag
Hepliaklqana
Kikubaaqudgha
Makhleb
Nemelex Xobeh
Okawaru
Qazlal
Ru
Sif Muna
Trog
Uskayaw
Vehumet
Wu Jian
Xom
Yredelemnul
Jiyva

Shops:
D:2 =   D:4 *


Innate Abilities, Weirdness & Mutations

You have very sharp fingernails.
You are partially covered in rugged brown scales. (AC +1, +3% HP)
You are partially covered in sharp spines.
Spells you cast may paralyse nearby enemies.


Message History

The troll claws you.
You mangle the troll!!
You kill the troll!
There is a stone staircase leading up, spattered with blood here.
A six-headed hydra comes into view.
The six-headed hydra roars!
You climb upwards.
There is a stone staircase leading down here.
You hear a series of splatters. "Betrayer!
Apostate!
Perish!"
The divine experience confuses you!
You are confused. 3 fire elementals come into view.
Okay, then.
Unknown command.
You are too confused!
You bump into the rock wall.
You hear a distant slurping noise.
You hear a distant slurping noise.
You see here a howler monkey skeleton.
The fire elemental hits you. The fire elemental burns you!
The fire elemental barely misses you.
The fire elemental is struck by your spines.
The fire elemental barely misses you.
There is a stone staircase leading down here.
You claw the fire elemental!
The fire elemental is moderately damaged.
The fire elemental hits you. The fire elemental burns you!
The fire elemental is struck by your spines.
The fire elemental hits you. The fire elemental burns you!
The fire elemental closely misses you.
You bump into the rock wall.
The fire elemental closely misses you. The fire elemental hits you.
The fire elemental burns you! The fire elemental hits you.
The fire elemental burns you!
* * * LOW HITPOINT WARNING * * *
You bump into the rock wall.
The fire elemental barely misses you. The fire elemental hits you.
The fire elemental burns you!
* * * LOW HITPOINT WARNING * * *
The fire elemental is struck by your spines.
The fire elemental hits you. The fire elemental burns you!
You die...

.........#................#
....##.[.#................#
....##...##...##..........#
.....#...#######...[.##...#
.....#....#...##.....##...#
.....#....#...'......<#...#
######....#...#.......'...#
....##....#...##÷E...##...#
.....#....'...##@....##...#
.....'...#######EE........#
....##...##...##.°........#
##'###...#................#
..)......#................#
.........##...##.....##...#
....##...##...##.....##...#
....##....................#
....#.(...................#


You could see 3 fire elementals.

Vanquished Creatures
  A dire elephant (Lair:2)
  Harold (Lair:2)
  A boulder beetle (Lair:3)
  Nergalle (Lair:2)
  A deep elf pyromancer (D:9)
  A black mamba (Lair:4)
  14 elephants (Lair:2)
  8 cane toads
  2 kobold demonologists (D:9)
  4 torpor snails (Lair:3)
  3 rime drakes
  5 komodo dragons
  An unseen horror (D:10)
  4 trolls
  A polar bear (Lair:1)
  Grinder (D:6)
  7 blink frogs
  A spriggan (Lair:2)
  24 yaks
  3 basilisks
  5 steam dragons
  2 vampire mosquitoes
  A naga (Lair:2)
  2 acid dragons
  11 water moccasins
  5 black bears
  3 orc warriors
  An ogre (D:5)
  A sky beast (D:7)
  3 wolves (Lair:4)
  The ghost of Engwar the Cudgeller, an amateur DrRe (D:3)
  2 centaurs
  2 phantoms
  4 kobold brigands
  An elf zombie (Ossuary)
  12 bullfrogs
  A scorpion (D:6)
  21 wights
  13 killer bees (D:9)
  2 electric eels (Lair:3)
  7 howler monkeys
  16 jellies
  5 hounds
  2 centaur zombies (Ossuary)
  2 human zombies (Ossuary)
  2 gnoll boudas
  6 orc priests
  5 iguanas
  7 orc wizards
  6 hell rats (Lair:2)
  2 mummies (Ossuary)
  10 gnolls
  8 adders
  A white imp (D:8)
  3 adder zombies (Ossuary)
  4 dart slugs
  22 orcs
  3 bats
  7 endoplasms
  10 giant cockroaches
  4 goblins
  7 hobgoblins
  6 jackals
  19 kobolds
  5 quokkas
  12 ball pythons
  A frilled lizard (D:1)
  A goblin zombie (Ossuary)
  7 hobgoblin zombies (Ossuary)
  2 jackal zombies (Ossuary)
  8 kobold zombies (Ossuary)
  11 orc zombies (Ossuary)
  5 rats
393 creatures vanquished.

Vanquished Creatures (others)
  21 foxfires (Lair:2)
  111 fungi
  100 plants
232 creatures vanquished.

Grand Total: 625 creatures vanquished

Notes
Turn   | Place    | Note
-------+----------+-------------------------------------------
     0 | D:1      | DeathSun the Demonspawn Cinder Acolyte began the quest for
                  | the Orb.
     0 | D:1      | Reached XP level 1. HP: 18/18 MP: 2/2
   178 | D:1      | Reached skill level 3 in Unarmed Combat
   237 | D:1      | Gained mutation: You are partially covered in rugged brown
                  | scales. (AC +1, +3% HP) [demonic ancestry]
   237 | D:1      | Reached XP level 2. HP: 18/24 MP: 3/3
   700 | D:2      | Reached XP level 3. HP: 29/29 MP: 4/4
   841 | D:2      | Found Ylamu's Jewellery Emporium.
  1224 | D:2      | Reached XP level 4. HP: 34/36 MP: 5/5
  1474 | D:3      | Found a faded altar of an unknown god.
  1596 | D:3      | Reached skill level 4 in Unarmed Combat
  1603 | D:3      | Found a glowing drain.
  1615 | Sewer    | Entered a sewer
  1723 | Sewer    | Noticed a water moccasin
  1732 | Sewer    | Killed a water moccasin
  1733 | Sewer    | Gained mutation: Spells you cast may paralyse adjacent
                  | enemies. [demonic ancestry]
  1733 | Sewer    | Reached XP level 5. HP: 39/42 MP: 6/6
  1859 | D:3      | Found a runed translucent door.
  1859 | D:3      | Noticed Engwar's ghost (amateur DrRe)
  1968 | D:3      | Gained mutation: You have sharp fingernails. [demonic
                  | ancestry]
  1968 | D:3      | Reached XP level 6. HP: 21/47 MP: 7/7
  1974 | D:3      | Reached skill level 5 in Unarmed Combat
  1974 | D:3      | Reached skill level 5 in Fire Magic
  2393 | D:3      | Learned a level 2 spell: Scorch
  2832 | D:3      | Killed Engwar's ghost
  2833 | D:3      | Reached skill level 6 in Unarmed Combat
  2833 | D:3      | Reached XP level 7. HP: 35/53 MP: 8/8
  2948 | D:4      | Found Gozag's Platinum Reserve.
  2954 | D:4      | Found an opulent altar of Gozag.
  3319 | D:4      | Got Vauj Imn's Vellum of Left-Handed Magic and the Blizzard
  3349 | D:4      | Found a sand-covered staircase.
  3355 | Ossuary  | Entered an ossuary
  3503 | Ossuary  | Reached skill level 7 in Unarmed Combat
  4214 | D:4      | Found a staircase to the Ecumenical Temple.
  4276 | D:4      | Found an iron altar of Okawaru.
  4790 | Temple   | Entered the Ecumenical Temple
  4997 | D:5      | Entered Level 5 of the Dungeon
  5117 | D:5      | Reached XP level 8. HP: 47/59 MP: 9/9
  5211 | D:5      | Found a shimmering blue altar of Sif Muna.
  5336 | D:5      | Reached skill level 1 in Throwing
  5554 | D:5      | Reached skill level 8 in Unarmed Combat
  6501 | D:6      | Reached skill level 9 in Unarmed Combat
  6751 | D:6      | Noticed Grinder
  6761 | D:6      | Killed Grinder
  6762 | D:6      | Gained mutation: Spells you cast may paralyse nearby
                  | enemies. [demonic ancestry]
  6762 | D:6      | Reached XP level 9. HP: 61/64 MP: 10/10
  6828 | D:6      | Reached skill level 5 in Throwing
  7857 | D:7      | Reached skill level 10 in Unarmed Combat
  8782 | D:8      | Identified the +1 scale mail "Zocwussa" {rN+}
  8833 | D:8      | Reached skill level 11 in Unarmed Combat
  9018 | D:8      | HP: 3/64 [acid (3)]
  9233 | D:8      | Gained mutation: You have very sharp fingernails. [demonic
                  | ancestry]
  9233 | D:8      | Reached XP level 10. HP: 64/72 MP: 9/11
  9534 | D:8      | Found a burning altar of Makhleb.
  9636 | D:8      | Found a basalt altar of Yredelemnul.
 10248 | D:9      | Reached skill level 12 in Unarmed Combat
 11434 | D:9      | HP: 3/70 [killer bee (3)]
 11753 | D:9      | Noticed a deep elf pyromancer
 11768 | D:9      | Killed a deep elf pyromancer
 11769 | D:9      | Reached XP level 11. HP: 64/77 MP: 8/12
 11887 | D:9      | Reached skill level 13 in Unarmed Combat
 12164 | D:9      | Found a staircase to the Lair.
 12339 | D:10     | Entered Level 10 of the Dungeon
 12640 | D:9      | HP: 3/77 [poisoned by a killer bee]
 13833 | Lair:1   | Entered Level 1 of the Lair of Beasts
 15046 | Lair:1   | Reached skill level 14 in Unarmed Combat
 15203 | Lair:2   | Found a staircase to the Swamp.
 15704 | Lair:2   | Reached skill level 5 in Fighting
 16156 | Lair:2   | Noticed a dire elephant
 16181 | Lair:2   | Killed a dire elephant
 16504 | Lair:2   | Gained mutation: You are partially covered in sharp spines.
                  | [demonic ancestry]
 16504 | Lair:2   | Reached XP level 12. HP: 77/91 MP: 11/13
 16613 | Lair:2   | Noticed Harold
 16637 | Lair:2   | Killed Harold
 16689 | Lair:2   | Reached skill level 15 in Unarmed Combat
 16725 | Lair:2   | Noticed Nergalle
 17005 | Lair:2   | Found a staircase to the Snake Pit.
 17187 | Lair:2   | Killed Nergalle
 17706 | Lair:3   | Noticed a boulder beetle
 17958 | Lair:3   | Killed a boulder beetle
 18235 | Lair:3   | Noticed a death yak
 18235 | Lair:3   | Noticed a death yak
 18235 | Lair:3   | Noticed a death yak
 18235 | Lair:3   | Noticed a death yak
 18838 | Lair:3   | Found a snail-covered altar of Cheibriados.
 19295 | Lair:3   | Noticed a death yak
 19469 | Lair:4   | Reached XP level 13. HP: 66/106 MP: 10/14
 19473 | Lair:4   | Reached skill level 10 in Fighting
 19475 | Lair:4   | Reached skill level 16 in Unarmed Combat
 19899 | Lair:4   | Found a staircase to the Slime Pits.
 19899 | Lair:4   | Found a viscous altar of Jiyva.
 19953 | Lair:4   | Fell from the grace of Ignis
 19953 | Lair:4   | Became a worshipper of Jiyva Junodgha the Shapeless
 20534 | D:10     | Slain by a fire elemental

Illustrated notes

Levels and vault maps discovered:
D:1:      eino_arrival_druids_welcome, layout_rooms, serial_bayou_pond_a,
          minmay_indecisive_spiral
D:2:      layout_loops_cross, serial_shops, shop, skrybe_limestone_x,
          serial_bayou_pond_a, minmay_3d_cube
D:3:      layout_loops_ring, nicolae_ecumenical_pavilion,
          ebering_ghost_inner_flame, portal_sewer_entry_a,
          dreamdust_princess_corridor
D:4:      layout_loops_corners, nicolae_gozag_zags_fifth_avenue,
          mainiacjoe_overflow_big_doors, temple_fountains,
          nicolae_ossuary_entry_monument, minmay_misc_feat_enclosed,
          corner_web_ring, minmay_misc_feat_secret_circle
D:5:      layout_loops_corners, kennysheep_mini
D:6:      layout_basic, uniq_grinder
D:7:      layout_basic
D:8:      layout_cave_pools, marbit_many_paths, old_standard_altar,
          minmay_quadrilaterals
D:9:      layout_basic, grunt_lair_entry_orc_guard_hut, chequers_garden
D:10:     layout_gridville
D:11:     layout_rooms, lightli_wizard_tower
Temple:   nicolae_temple_slightly_damp_pantheon
Lair:1:   layout_chaotic_city, portal_ice_cave_entry_pillars_2,
          chequers_serial_rivers_room_b, st_stairs_7, serial_bayou_shore_b,
          serial_bayou_shore_a
Lair:2:   mu_elephants_graveyard, layout_hall_layers, swamp_mist,
          guppyfry_snake_entry_garden, beast_lair_carwin_2, uniq_harold,
          uniq_nergalle
Lair:3:   layout_gridlike, gauntlet_entry_generic,
          chequers_serial_rivers_micro_b, kennysheep_snail_temple
Lair:4:   layout_long_grid, minmay_slime_entry_jelly_boxes,
          grunt_forest_small_clearing_treed, lemuel_fruit_fields,
          grunt_megastairs_1

Skill      XL: |  1  2  3  4  5  6  7  8  9 10 11 12 13 |
---------------+----------------------------------------+-----
Unarmed Combat | 3 4 6 7 9 11 12 14 15 16 | 16.3
Fire Magic     | 3 4 5 8 |  8.0
Throwing       | 4 5 6 |  6.0
Fighting       | 6 9 10 | 10.0
Spellcasting   | |  1.0

Action                   |  1- 3 |  4- 6 |  7- 9 | 10-12 | 13-15 || total
-------------------------+-------+-------+-------+-------+-------++-------
Melee: Unarmed           |   157 |   158 |   518 |   724 |    58 ||  1615
       Punch             |     5 |     1 |    18 |    62 |     6 ||    92
Throw: Dart              |       |       |     7 |    36 |       ||    43
 Cast: Scorch            |       |       |       |     1 |       ||     1
Invok: Fiery Armour      |       |     2 |     1 |     3 |       ||     6
       Foxfire Swarm     |       |       |       |     1 |       ||     1
  Use: Potion            |       |     1 |     4 |     5 |       ||    10
       Scroll            |       |       |     3 |     6 |       ||     9
Armor: Robe              |     7 |       |       |       |       ||     7
       Leather armour    |    35 |    59 |   125 |       |       ||   219
       Scale mail        |       |       |    21 |   333 |    40 ||   394
Dodge: Dodged            |    94 |    67 |   220 |   328 |    23 ||   732

Table legend: (Time is in decaauts)
 A = Elapsed time spent in this place.
 B = Non-inter-level travel time spent in this place.
 C = Inter-level travel time spent in this place.
 D = Time resting spent in this place.
 E = Time spent auto-exploring this place.
 F = Levels seen in this place.
 G = Mean time per level.
                   A        B        C        D        E       F      G
               +--------+--------+--------+--------+--------+-----+--------+
         Total |  20274 |  19422 |    852 |      0 |  15499 |  18 | 1126.3 |
       Dungeon |  13286 |  12555 |    731 |      0 |  10421 |  11 | 1207.8 |
        Temple |    182 |    164 |     18 |      0 |    147 |   1 |  182.0 |
          Lair |   6088 |   5985 |    103 |      0 |   4425 |   4 | 1522.0 |
         Sewer |    185 |    185 |      0 |      0 |    147 |   1 |  185.0 |
       Ossuary |    532 |    532 |      0 |      0 |    358 |   1 |  532.0 |
               +--------+--------+--------+--------+--------+-----+--------+

Top non-repeatable levels by time:
     D:9: 2584 daAuts
  Lair:1: 2017 daAuts
  Lair:2: 2007 daAuts
     D:8: 1748 daAuts
     D:6: 1397 daAuts
  Lair:3: 1364 daAuts
     D:7: 1263 daAuts
     D:4: 1262 daAuts
     D:3: 1226 daAuts
     D:5: 1145 daAuts
    D:10: 1063 daAuts
     D:2: 886 daAuts
  Lair:4: 698 daAuts
     D:1: 672 daAuts
 Ossuary: 532 daAuts
